Map: [ESL] Alcyone

Players

Lambo - Winner!

  • Race: Zerg Zerg
  • Spawn Location: 7:00

HeroMarine

  • Race: Terran Terran
  • Spawn Location: 1:00

Event: ESL SC2 Masters 2024 Spring (Regional)

VOD

Have the link to the VOD?

Description

Time

  • Played on: April 25, 2024, 11:34 a.m.
  • Length: 17:36

All games in this series

Show
View Real Time Build Order
Export as new Build Order

Lambo Zerg - Winner!

Build Orders: Hatch First 

Get SALT Encoding   

  12  0:00  Drone  
  13  0:11  Overlord  
  13  0:16  Drone  
  14  0:30  Drone x2  
  16  0:47  Hatchery  
  15  0:50  Drone  
  15  0:53  Drone  
  15  0:57  Drone  
  18  1:07  Extractor  
  17  1:11  Spawning Pool  
  17  1:15  Drone  
  17  1:18  Drone  
  18  1:27  Drone  
  19  1:39  Drone  
  20  1:48  Drone  
  21  1:58  Queen x2  
  21  1:59  Zergling x4  
  27  2:09  Drone  
  27  2:10  Overlord  
  28  2:18  Hatchery  
  28  2:21  Drone  
  28  2:29  Spore Crawler, Drone  
  28  2:31  Drone  
  28  2:34  Drone  
  31  2:40  Queen  
  33  2:45  Overlord  
  33  2:48  Drone  
  33  2:50  Metabolic Boost  
  34  2:55  Drone x2  
  36  3:02  Queen  
  38  3:06  Drone x2  
  38  3:08  Drone  
  41  3:14  Drone x3  
  44  3:24  Overlord  
  44  3:26  Overlord  
  44  3:30  Queen  
  44  3:33  Queen  
  48  3:35  Drone  
  49  3:42  Queen  
  49  3:43  Drone x2  
  49  3:46  Drone x2  
  55  3:49  Overlord  
  55  3:51  Drone  
  55  3:53  Zergling x2  
  57  3:55  Drone  
  57  3:56  Drone  
  57  3:57  Drone  
  57  4:01  Drone x2  
  62  4:05  Overlord  
  62  4:06  Drone x2  
  64  4:10  Queen  
  64  4:15  Overlord  
  64  4:17  Drone x2  
  68  4:19  Overlord  
  68  4:22  Zergling x4  
  70  4:26  Extractor  
  70  4:29  Drone x2  
  71  4:31  Zergling x2  
  71  4:33  Lair  
  71  4:35  Drone  
  71  4:37  Drone  
  73  4:40  Drone x3  
  73  4:44  Drone x4  
  80  4:46  Spore Crawler  
  80  4:48  Spore Crawler  
  80  4:50  Spore Crawler  
  80  4:51  Drone x2  
  79  4:54  Drone x4  
  83  5:01  Hatchery  
  83  5:04  Zergling x4  
  84  5:07  Extractor  
  84  5:09  Baneling Nest, Extractor  
  84  5:10  Zergling x4  
  84  5:12  Drone x3  
  86  5:15  Drone x2  
  86  5:20  Queen  
  90  5:21  Evolution Chamber  
  90  5:22  Evolution Chamber  
  90  5:24  Drone x3  
  90  5:25  Drone  
  90  5:27  Extractor  
  91  5:30  Drone x4  
  91  5:31  Overseer  
  91  5:34  Overseer  
  97  5:35  Drone x2  
  97  5:39  Overlord  
  97  5:42  Overlord  
  97  5:45  Overlord  
  97  5:52  Zerg Ground Armor Level 1, Zerg Melee Weapons Level 1  
  97  5:56  Overlord  
  97  5:57  Queen  
  97  5:58  Overlord  
  98  6:07  Drone x9  
  107  6:14  Drone x2  
  107  6:15  Drone  
  110  6:19  Drone x4  
  110  6:23  Centrifugal Hooks  
  110  6:24  Hydralisk Den  
  113  6:27  Zergling x14  
  113  6:31  Spore Crawler  
  119  6:39  Hatchery  
  118  6:44  Zergling x14  
  125  6:48  Zergling x2  
  125  6:49  Zergling x6  
  125  6:50  Baneling x9  
  127  6:54  Zergling x2  
  127  6:55  Zergling x8  
  127  6:56  Extractor  
  127  6:57  Infestation Pit  
  127  6:58  Zergling x2  
  127  6:59  Zergling x2  
  127  7:00  Baneling  
  132  7:06  Drone x3  
  135  7:09  Zergling x10  
  140  7:16  Zergling x6  
  140  7:19  Zergling x2  
  142  7:28  Grooved Spines  
  142  7:29  Hydralisk x3  
  143  7:30  Overlord x4  
  143  7:31  Baneling  
  143  7:32  Baneling x6  
  143  7:33  Hive  
  143  7:35  Overlord, Extractor  
  143  7:36  Overlord  
  142  7:41  Hydralisk  
  144  7:46  Baneling  
  144  7:47  Baneling x2  
  144  7:48  Hydralisk x8  
  144  7:51  Drone x3  
  162  7:52  Zerg Melee Weapons Level 2, Drone x2  
  165  8:00  Drone x2  
  165  8:05  Zerg Ground Armor Level 2  
  167  8:06  Zergling x22  
  176  8:23  Zergling x12  
  176  8:25  Overlord  
  176  8:26  Overlord, Hatchery  
  177  8:29  Overlord  
  173  8:37  Overlord, Spore Crawler  
  173  8:38  Zergling x18  
  181  8:47  Baneling  
  181  8:48  Baneling x8  
  177  8:49  Viper x3  
  177  8:51  Zergling x22  
  196  8:56  Zergling x6  
  196  9:01  Zergling x10  
  199  9:07  Baneling x7  
  199  9:08  Pneumatized Carapace  
  195  9:13  Zergling x8  
  195  9:17  Zergling x4  
  199  9:21  Zergling x2  
  199  9:22  Zergling x6  
  188  9:33  Zergling x26  
  194  9:42  Baneling x11  
  194  9:44  Zergling x12  
  200  9:49  Baneling x7  
  198  9:58  Zergling x34  
  183  10:08  Hydralisk x7, Zerg Missile Weapons Level 1  
  183  10:12  Muscular Augments  
  183  10:13  Zergling x14  
  199  10:22  Zergling x2  
  199  10:23  Zergling x2  
  199  10:25  Baneling x11  
  200  10:31  Baneling x14  
  200  10:37  Hatchery  
  199  10:44  Zergling x2  
  200  10:51  Zergling x2  
  176  10:59  Zergling x52  
  177  11:04  Zergling x4  
  177  11:06  Zerg Ground Armor Level 3  
  177  11:07  Zergling x4  
  177  11:10  Zergling x10  
  183  11:20  Zergling x8, Baneling  
  183  11:21  Baneling x22  
  183  11:23  Adrenal Glands  
  183  11:24  Overlord x2  
  187  11:27  Baneling x2  
  187  11:29  Baneling x2  
  187  11:31  Overseer  
  187  11:40  Baneling x6  
  187  11:42  Zergling x24  
  198  11:50  Zergling x8  
  198  11:53  Baneling  
  198  11:54  Baneling x6  
  181  12:04  Zergling x42  
  187  12:09  Zergling x12  
  187  12:13  Zergling x6  
  187  12:22  Zergling x18  
  181  12:25  Zergling x4  
  181  12:26  Zerg Melee Weapons Level 3  
  181  12:29  Hydralisk x6  
  167  12:34  Hydralisk x5  
  167  12:36  Baneling x6  
  185  12:38  Zergling x8  
  189  12:45  Zergling x10  
  189  12:47  Baneling x8  
  194  12:53  Zergling x10  
  194  12:54  Overseer, Spore Crawler  
  194  12:56  Overseer  
  198  13:02  Baneling x8  
  198  13:07  Zergling x4  
  198  13:11  Lurker Den  
  199  13:15  Baneling x3, Hatchery  
  199  13:17  Overseer  
  199  13:18  Unknown  
  199  13:19  Zergling x2  
  200  13:20  Zergling x4  
  200  13:29  Baneling x3  
  197  13:38  Zergling x14  
  200  13:43  Zerg Missile Weapons Level 2, Baneling x8  
  198  13:51  Drone x3  
  198  13:54  Spore Crawler, Drone  
  192  14:05  Zergling x46  
  179  14:11  Zergling x2  
  179  14:12  Zergling x26  
  192  14:18  Zergling x2  
  193  14:33  Baneling x26  
  193  14:34  Zergling x14  
  199  14:41  Drone x3  
  199  14:42  Drone  
  199  14:44  Seismic Spines  
  200  14:56  Zergling x2  
  195  15:10  Zergling x36  
  183  15:14  Zergling x12  
  166  15:22  Zergling x2  
  166  15:23  Zergling x12  
  168  15:30  Zergling x2  
  168  15:31  Zergling x4  
  168  15:33  Baneling  
  171  15:36  Zergling x14  
  171  15:37  Baneling x29  
  171  15:38  Baneling x3  
  171  15:41  Adaptive Talons  
  181  15:42  Drone x3  
  181  15:45  Drone x3  
  181  15:49  Zergling x8  
  188  15:50  Baneling x12  
  188  15:53  Baneling x6  
  188  15:55  Zergling x14  
  195  16:00  Zergling x8  
  173  16:18  Zergling x34  
  173  16:25  Zergling x20  
  175  16:28  Zergling x8  
  175  16:32  Zergling x6  
  180  16:39  Zergling x16  
  188  16:42  Baneling x30  
  188  16:44  Drone  
  189  16:52  Baneling x4  
  189  16:53  Baneling x2  
  189  16:55  Zergling x20  
  199  17:05  Hatchery  
Show
View Real Time Build Order
Export as new Build Order

HeroMarine Terran 

Build Orders: Reaper Expand, Hellion Banshee 

Get SALT Encoding   

  12  0:00  SCV  
  13  0:12  SCV  
  14  0:17  Supply Depot  
  14  0:24  SCV  
  15  0:39  SCV  
  15  0:40  Barracks  
  16  0:42  Refinery  
  16  0:51  SCV  
  17  1:03  SCV  
  18  1:15  SCV  
  19  1:27  Orbital Command, Reaper  
  20  1:38  Command Center  
  20  1:48  Supply Depot  
  20  1:52  SCV  
  21  1:59  Marine  
  22  2:04  SCV  
  23  2:11  Factory  
  23  2:17  SCV  
  23  2:21  Barracks Reactor  
  24  2:29  SCV  
  25  2:36  Command Center  
  25  2:41  SCV  
  26  2:50  Orbital Command  
  26  2:53  SCV  
  27  2:59  Starport  
  27  3:05  SCV  
  28  3:06  Refinery  
  28  3:08  Hellion  
  28  3:10  Hellion  
  32  3:13  Barracks Tech Lab  
  32  3:17  SCV x2  
  34  3:29  SCV x2, Hellion  
  34  3:32  Hellion  
  40  3:41  SCV x2, Banshee  
  46  3:49  Orbital Command  
  46  3:53  SCV x2  
  47  3:57  Hellion  
  47  4:02  Hellion  
  51  4:03  Cloaking Field  
  51  4:04  Barracks Tech Lab  
  51  4:05  SCV  
  51  4:06  SCV  
  51  4:09  Supply Depot  
  53  4:16  SCV  
  54  4:18  SCV x2  
  54  4:22  Hellion  
  58  4:24  Hellion  
  58  4:29  SCV  
  58  4:30  SCV x2, Banshee  
  66  4:32  Supply Depot, Marine  
  66  4:37  Stimpack  
  67  4:41  SCV  
  67  4:42  SCV  
  69  4:47  Barracks  
  69  4:51  Barracks  
  69  4:52  Factory Reactor  
  69  4:53  SCV, Marine  
  69  4:54  Supply Depot  
  69  4:56  Refinery  
  69  4:58  Refinery  
  69  4:59  SCV, Engineering Bay  
  72  5:00  SCV, Engineering Bay  
  72  5:05  SCV  
  74  5:11  SCV, Marine  
  77  5:14  Orbital Command  
  77  5:17  SCV, Supply Depot  
  77  5:23  SCV  
  77  5:25  Barracks  
  77  5:27  Starport Reactor, Barracks  
  78  5:28  Terran Infantry Weapons Level 1  
  78  5:29  SCV  
  78  5:31  Terran Infantry Armor Level 1  
  78  5:35  SCV  
  80  5:40  SCV  
  80  5:41  Supply Depot, Marine x3  
  80  5:42  SCV  
  85  5:45  Supply Depot, Marine x2  
  85  5:47  SCV, Siege Tank  
  91  5:52  SCV  
  91  5:54  SCV  
  93  6:02  Supply Depot x2, Marine x2  
  93  6:03  SCV, Marine  
  98  6:04  SCV  
  98  6:06  SCV  
  97  6:12  Medivac  
  97  6:13  Medivac  
  97  6:15  SCV, Supply Depot, Marine  
  97  6:16  SCV, Combat Shield  
  97  6:17  Barracks Reactor  
  97  6:18  SCV, Barracks Reactor  
  101  6:20  Marine x3  
  101  6:22  Refinery  
  101  6:23  Marine  
  101  6:24  Refinery  
  105  6:27  SCV  
  105  6:28  SCV  
  105  6:30  SCV  
  108  6:33  Marine  
  108  6:35  Armory  
  108  6:38  Supply Depot, Marine x3  
  108  6:39  Siege Tank  
  115  6:41  Marine  
  116  6:48  Medivac  
  116  6:51  Marine  
  116  6:52  Medivac  
  121  6:56  Command Center, Marine  
  121  6:57  Marine x5  
  127  7:03  Marine x2  
  129  7:10  Marine  
  129  7:13  Factory  
  129  7:15  SCV x2, Supply Depot  
  132  7:16  Supply Depot  
  132  7:17  SCV  
  132  7:18  Medivac  
  132  7:22  Medivac  
  137  7:26  Marine x3  
  137  7:27  Marine x4  
  137  7:29  Drilling Claws  
  141  7:32  Terran Infantry Weapons Level 2  
  141  7:36  Marine  
  141  7:37  SCV, Widow Mine  
  145  7:40  Terran Infantry Armor Level 2  
  145  7:42  Terran Vehicle And Ship Armor Level 1  
  145  7:43  Marine  
  146  7:44  Marine x3  
  146  7:45  Marine  
  150  7:52  Marine x3  
  150  7:54  Marine  
  150  7:55  Medivac  
  156  7:59  SCV  
  156  8:00  Supply Depot x2  
  156  8:01  SCV x2, Medivac  
  156  8:02  Widow Mine  
  163  8:11  Marine x2  
  165  8:15  Factory Reactor  
  165  8:16  Marine x2  
  165  8:17  Marine  
  168  8:21  Marine x2  
  168  8:22  Marine x2  
  168  8:23  Widow Mine  
  169  8:28  Marine  
  169  8:29  Marine  
  169  8:31  Medivac  
  169  8:32  Medivac  
  173  8:34  Marine x2  
  173  8:35  Marine  
  173  8:36  Barracks x2  
  173  8:37  SCV x2  
  173  8:39  Barracks  
  178  8:44  Siege Tank  
  178  8:45  SCV  
  178  8:46  SCV  
  183  8:49  SCV  
  183  8:50  Marine  
  183  8:51  Marine x5  
  183  8:52  Marine  
  192  8:55  SCV  
  192  8:58  SCV, Planetary Fortress  
  192  9:02  Marine x2  
  194  9:08  Marine  
  196  9:15  Marine x2  
  194  9:19  Siege Tank, Supply Depot  
  194  9:20  Command Center  
  190  9:29  Widow Mine x2, Medivac x2, Barracks Tech Lab x2  
  190  9:30  Barracks Tech Lab  
  185  9:34  Marauder, Marine x3  
  185  9:38  Ghost Academy  
  174  9:39  Marine x2  
  174  9:41  Marine x3  
  179  9:50  Concussive Shells, Marauder x3  
  179  9:52  Marine  
  186  9:56  Marauder  
  186  9:59  Medivac x2  
  165  10:01  Marine x2  
  165  10:04  Marine x4  
  165  10:05  Siege Tank  
  165  10:06  Widow Mine  
  161  10:11  Marauder x3  
  161  10:13  Marine x2  
  157  10:17  Factory, Marine  
  157  10:19  Marine  
  157  10:20  Marine  
  160  10:21  Marine  
  160  10:28  Widow Mine  
  163  10:29  Widow Mine  
  163  10:33  Refinery, Orbital Command, Marauder x3  
  163  10:35  Refinery, Marine  
  170  10:37  Widow Mine, Command Center, Marine  
  173  10:44  Marine  
  173  10:45  Marine x2  
  173  10:47  Liberator  
  173  10:48  Liberator  
  173  10:49  Widow Mine  
  159  10:58  Siege Tank  
  159  11:02  SCV x4  
  159  11:03  SCV  
  137  11:04  Marine  
  137  11:07  Marine  
  137  11:08  Factory Tech Lab  
  139  11:11  Widow Mine  
  139  11:12  Widow Mine  
  139  11:18  Terran Infantry Weapons Level 3  
  145  11:23  Ghost x3  
  149  11:26  Marine x2  
  149  11:27  Marine, Marauder  
  149  11:30  Liberator, Siege Tank  
  149  11:31  Marine x4  
  149  11:32  Marine  
  165  11:38  Siege Tank  
  168  11:42  Sensor Tower  
  168  11:47  Ghost  
  168  11:48  Terran Vehicle Weapons Level 1  
  168  11:52  Marauder x3  
  168  11:53  Marine x3  
  168  11:54  Marine x5  
  177  11:59  Liberator  
  168  12:03  Siege Tank  
  158  12:11  Marine x4  
  158  12:12  Marine  
  158  12:13  Siege Tank, Liberator, Marauder  
  169  12:16  Command Center  
  169  12:22  Marine x4  
  155  12:23  Marine x2  
  155  12:29  Marine x5  
  140  12:34  Marine  
  140  12:35  Siege Tank  
  145  12:38  Widow Mine  
  145  12:39  Widow Mine, Marine  
  145  12:40  Marine x4  
  145  12:42  Medivac  
  156  12:45  Siege Tank, Starport  
  156  12:47  Terran Infantry Armor Level 3  
  159  12:56  Medivac  
  161  13:02  Marine x5  
  161  13:03  Marine x6  
  172  13:07  Siege Tank  
  172  13:08  Widow Mine, Marine  
  172  13:12  Medivac  
  180  13:17  Siege Tank  
  180  13:19  Sensor Tower  
  183  13:20  Marine x3  
  183  13:25  Medivac  
  188  13:27  Marine  
  188  13:28  Marine x3  
  188  13:32  Marine x2  
  194  13:39  Siege Tank  
  194  13:49  Medivac, Siege Tank  
  199  13:56  Medivac  
  195  14:07  Marauder x2  
  195  14:08  Marine x3  
  195  14:09  Marine  
  173  14:10  Marine  
  173  14:11  Siege Tank  
  173  14:12  Medivac  
  173  14:14  Marauder  
  173  14:15  Marauder  
  183  14:18  Marine x3  
  183  14:19  Medivac  
  183  14:21  Siege Tank  
  191  14:26  Marine x4  
  191  14:28  Medivac  
  197  14:33  Refinery x2  
  200  14:40  Sensor Tower, Missile Turret  
  200  14:41  Widow Mine x2  
  200  14:42  Medivac  
  197  14:49  Medivac  
  199  15:00  Command Center  
  199  15:01  Command Center  
  197  15:11  Marauder x2, Marine x2  
  197  15:13  Marine x3  
  171  15:16  Siege Tank  
  171  15:17  Marine  
  171  15:18  Marine  
  171  15:19  Marine x2  
  171  15:20  Marine  
  137  15:29  Siege Tank, Marine x2  
  137  15:31  Marine x2  
  137  15:32  SCV  
  137  15:33  SCV x2  
  147  15:38  Planetary Fortress  
  147  15:41  SCV  
  148  15:46  Ghost  
  148  15:47  Marauder  
  148  15:48  Siege Tank  
  155  15:50  Marauder  
  155  15:56  Liberator  
  160  16:00  Liberator x2  
  160  16:01  Siege Tank  
  169  16:04  Ghost  
  169  16:08  Ghost  
  169  16:09  Marine  
  174  16:11  Marauder  
  151  16:20  Siege Tank  
  151  16:23  Marine x2  
  151  16:24  Marine  
  125  16:27  Orbital Command  
  125  16:28  Ghost  
  125  16:32  SCV x2, Ghost  
  128  16:33  Siege Tank  
  128  16:36  Marauder  
  128  16:37  Marauder  
  137  16:45  Widow Mine x2  
  141  16:51  Medivac  
  141  16:52  Siege Tank  
  146  16:55  Planetary Fortress  
  146  16:58  Marine  
  147  17:04  Marauder x2  
  154  17:10  Widow Mine  
  154  17:11  Widow Mine  
  154  17:14  Refinery  
  160  17:16  Refinery  
Tags
 
Add a new tag
Caveats
  • Supply blocks, unpowered buildings, or Contaminate may cause inaccurate times.
  • Supply counts are checked every 10 seconds.